 Dungeon Crawl Stone Soup version 0.27-a0-109-g416527ed24 (webtiles) character file.

Game seed: 5552441790759915560

59836 Morgoth the Basher (level 14, -2/118 HPs)
             Began as a Demigod Artificer on Jan 24, 2021.
             Slain by a six-headed hydra (11 damage)
             ... on level 6 of the Lair of Beasts.
             The game lasted 01:30:22 (33562 turns).

Morgoth the Basher (Demigod Artificer)             Turns: 33562, Time: 01:30:22

Health: -2/118     AC: 17    Str: 15    XL:     14   Next: 19%
Magic:  20/31      EV: 18    Int: 23    God:
Gold:   586        SH:  5    Dex: 16    Spells: 17/30 levels left

rFire    . . .     SeeInvis .   a - +1 morningstar (venom)
rCold    + . .     Faith    .   C - +0 buckler
rNeg     . . .     Spirit   .   K - +1 acid dragon scales
rPois    .         Reflect  .   l - +1 helmet
rElec    .         Harm     .   p - +1 cloak
rCorr    +         Rampage  .   O - +0 pair of gloves
Will     ++...                  A - +1 pair of boots
Stlth    +.........             E - amulet of regeneration
HPRegen  0.69/turn              B - ring of willpower
MPRegen  0.22/turn              u - ring of protection from cold

@: slowed, very slow
A: high mp 1
a: no special abilities


You were on level 6 of the Lair of Beasts.
You visited 2 branches of the dungeon, and saw 16 of its levels.

You collected 1145 gold pieces.
You spent 559 gold pieces at shops.

Inventory:

Hand Weapons
 a - a +1 morningstar of venom (weapon)
Missiles
 n - 46 poisoned darts
 Q - a curare-tipped dart (quivered)
Armour
 l - a +1 helmet (worn)
 p - a +1 cloak (worn)
 A - a +1 pair of boots (worn)
 C - a +0 buckler (worn)
 K - +1 acid dragon scales (worn)
 O - a +0 pair of gloves (worn)
Magical Staves
 r - an uncursed staff of earth
Jewellery
 o - an uncursed ring of magical power
 u - a ring of protection from cold (right hand)
 z - an uncursed ring of positive energy
 B - a ring of willpower (left hand)
 D - an uncursed ring of flight
 E - an amulet of regeneration (around neck)
 H - the ring "Cate" {Wiz rN+ Dex+3}
   (You bought it in a shop on level 7 of the Dungeon)

   [ring of wizardry]

   It improves your spell success rate.
   It affects your dexterity (+3).
   It protects you from negative energy.
 I - an uncursed amulet of guardian spirit
Wands
 c - a wand of flame (49)
 d - a wand of enslavement (4)
 e - a wand of random effects (46)
 h - a wand of disintegration (16)
Scrolls
 g - 3 scrolls of teleportation
 j - 10 scrolls of remove curse
 m - 6 scrolls of magic mapping
 s - 6 scrolls of amnesia
 x - 2 scrolls of fear
 M - 2 scrolls of identify
Potions
 b - a potion of berserk rage
 f - 3 potions of brilliance
 q - 3 potions of ambrosia
 t - 2 potions of magic
 v - 2 potions of flight
 F - 7 potions of curing
 G - 2 potions of heal wounds
 J - 3 potions of lignification
Miscellaneous
 i - a box of beasts
 y - a condenser vane


   Skills:
 - Level 9.6 Fighting
 - Level 4.0 Short Blades
 - Level 12.0 Maces & Flails
 - Level 8.0 Armour
 - Level 9.6 Dodging
 - Level 0.8 Stealth
 - Level 4.0 Shields
 - Level 8.7 Spellcasting
 + Level 6.7 Necromancy
 - Level 5.6 Evocations


You had 17 spell levels left.
You knew the following spells:

 Your Spells              Type           Power        Failure   Level
a - Vampiric Draining     Necr           20%          1%          3
b - Animate Dead          Necr           20%          5%          4
c - Agony                 Necr           41%          14%         5
A - Apportation           Tloc           20%          9%          1

Your spell library contained the following spells:

 Spells                   Type           Power        Failure   Level
 Animate Skeleton         Necr           82%          1%          1
 Pain                     Necr           100%         1%          1
 Corona                   Hex            11%          9%          1
 Summon Small Mammal      Summ           40%          9%          1
 Ensorcelled Hibernation  Hex/Ice        20%          13%         2
 Confusing Touch          Hex            10%          26%         3
 Dazzling Flash           Conj/Hex       20%          26%         3
 Gell's Gravitas          Tloc           5%           26%         3
 Tukima's Dance           Hex            10%          26%         3
 Petrify                  Tmut/Erth      10%          63%         4
 Metabolic Englaciation   Hex/Ice        5%           93%         5
 Yara's Violent Unravell  Hex/Tmut       5%           93%         5


Dungeon Overview and Level Annotations

Branches:
Dungeon (10/15)            Temple (0/1) D:7            Lair (6/6) D:9
 Shoals (0/4) Lair:4       Spider (0/4) Lair:2        Slime (0/5) Lair:6
    Orc: D:9-12

Shops:
D:7 ?*   D:9 !   D:10 *

Annotations:
Lair:2 1 runed translucent door
Lair:6 exclusion: oklob plant


Innate Abilities, Weirdness & Mutations

You have an increased reservoir of magic. (+10% MP)


Message History

* * * LOW HITPOINT WARNING * * *
The six-headed hydra bites you but does no damage.
The six-headed hydra bites you.
* * * LOW HITPOINT WARNING * * *
The six-headed hydra misses you. x2; The six-headed hydra bites you!
* * * LOW HITPOINT WARNING * * *
The six-headed hydra closely misses you.
Casting: Agony (dangerous; 14% risk of failure)
Confirm with . or Enter, or press ? or * to list all spells.
Aiming: Vampiric Draining (safe; 1% risk of failure)
Press: ? - help, Shift-Dir - straight line, f/p - six-headed hydra
Aim: a six-headed hydra (almost dead)
The six-headed hydra is almost dead.
You feel life coursing into your body. The six-headed hydra bites you!
* * * LOW HITPOINT WARNING * * *
The six-headed hydra bites you.
* * * LOW HITPOINT WARNING * * *
The six-headed hydra bites you but does no damage.
The six-headed hydra barely misses you. The six-headed hydra bites you!
You die...

♣♣.♣
♣....#
#### ♣.♣
♣♣...## ♣.
♣♣♣♣...#.#
♣
♣.......##
.♣♣♣....#
♣.[.P##
♣.....#
♣♣♣....#.#
♣...@.#.##
♣♣..D...#
♣♣....##
♣.w.##
♣..## ♣..#
♣♣.. ...


You could see a six-headed hydra and a torpor snail.

Vanquished Creatures
  Harold (D:9)
  14 hydras
  A catoblepas (Lair:4)
  A two-headed ogre (D:10)
  10 death yaks
  Maggie (D:7)
  2 fire crabs
  An unseen horror (D:9)
  A lindwurm (Lair:6)
  An orb spider (Lair:2)
  A manticore (Lair:4)
  5 black mambas
  9 elephants
  An eye of devastation (Lair:6)
  16 cane toads
  6 rime drakes
  8 komodo dragons
  A queen bee (Lair:4)
  A wind drake (Lair:4)
  3 meliai (Lair:4)
  Prince Ribbit (D:6)
  2 polar bears
  23 blink frogs
  Sigmund (D:2)
  58 yaks
  A human (D:9)
  5 wyverns
  4 hogs (D:9)
  3 basilisks
  2 wargs (D:8)
  Menkaure (D:4)
  Edmund (D:5)
  13 water moccasins
  Duvessa (D:6)
  3 black bears
  3 sky beasts
  2 orc warriors
  2 phantoms
  3 ogres
  18 wolves
  An eye of draining (Lair:6)
  5 centaurs
  A big kobold (D:6)
  14 bullfrogs
  Dowan (D:6)
  2 scorpions (D:6)
  33 killer bees
  6 wights
  2 electric eels (Lair:5)
  3 howler monkeys
  A crimson imp (D:9)
  5 hounds
  A bullfrog skeleton (D:7)
  An orc priest (D:9)
  A jelly (D:6)
  2 iguanas
  8 orc wizards
  3 hell rats (Lair:4)
  10 worker ants
  A hound skeleton (D:6)
  A mummy (D:6)
  5 gnolls
  12 adders
  A white imp (D:7)
  An ooze (D:1)
  2 adder skeletons
  4 worms
  4 dart slugs
  3 leopard geckos
  26 orcs
  9 bats
  5 giant cockroaches
  3 goblins
  14 hobgoblins
  4 jackals (D:1)
  5 quokkas
  A ball python (D:2)
  5 frilled lizards
  13 kobolds
  A kobold zombie (D:6)
  An orc zombie (D:6)
  A quokka zombie (D:8)
  11 rats
464 creatures vanquished.

Vanquished Creatures (collateral kills)
  A hydra (Lair:5)
  A black bear (D:8)
  A big kobold (D:8)
  A bullfrog (D:8)
  2 wights (D:8)
  A jelly (D:8)
  A gnoll shaman (D:8)
  A worker ant (D:8)
  A gnoll (D:8)
  An orc (D:8)
  4 kobolds (D:8)
15 creatures vanquished.

Vanquished Creatures (others)
  An elephant (Lair:6)
  A cane toad (Lair:1)
  A wight (D:8)
  A quokka (D:2)
  54 fungi
  70 plants
  11 toadstools (Lair:2)
139 creatures vanquished.

Grand Total: 618 creatures vanquished

Notes
Turn   | Place    | Note
-------+----------+-------------------------------------------
     0 | D:1      | Morgoth the Demigod Artificer began the quest for the Orb.
     0 | D:1      | Reached XP level 1. HP: 15/15 MP: 3/3
   494 | D:1      | Reached XP level 2. HP: 4/22 MP: 4/4
  1601 | D:1      | Reached XP level 3. HP: 26/27 MP: 5/5
  2296 | D:1      | HP: 1/27 [hobgoblin/+0 club (1)]
  3125 | D:2      | Noticed Sigmund
  3847 | D:3      | Reached XP level 4. HP: 23/34 MP: 6/6
  4179 | D:3      | Found a radiant altar of Vehumet.
  4870 | D:3      | Found a faded altar of an unknown god.
  5085 | D:3      | Reached skill level 5 in Evocations
  5192 | D:3      | Found a hazy altar of Hepliaklqana.
  5315 | D:4      | Found a radiant altar of Vehumet.
  5328 | D:4      | Reached XP level 5. HP: 19/39 MP: 7/7
  5810 | D:4      | Reached skill level 1 in Maces & Flails
  5912 | D:4      | Noticed Menkaure
  5916 | D:4      | Killed Menkaure
  5917 | D:4      | Reached skill level 2 in Maces & Flails
  5917 | D:4      | Reached XP level 6. HP: 46/46 MP: 8/8
  6001 | D:4      | Reached skill level 3 in Maces & Flails
  6162 | D:5      | Entered Level 5 of the Dungeon
  6809 | D:6      | Reached skill level 1 in Shields
  7279 | D:5      | Reached skill level 1 in Short Blades
  7346 | D:5      | Found a hide-covered altar of Uskayaw.
  7459 | D:5      | Found an iron altar of Okawaru.
  7560 | D:5      | Reached XP level 7. HP: 45/51 MP: 9/9
  7755 | D:6      | Noticed Edmund
  7807 | D:5      | Killed Edmund
  8482 | D:6      | Noticed Prince Ribbit
  8513 | D:6      | Killed Prince Ribbit
  8514 | D:6      | Reached skill level 1 in Fighting
  8514 | D:6      | Reached skill level 1 in Dodging
  8514 | D:6      | Reached XP level 8. HP: 38/60 MP: 10/10
  8976 | D:6      | Noticed Duvessa
  8976 | D:6      | Noticed Dowan
  8997 | D:6      | Killed Duvessa
  9024 | D:6      | Killed Dowan
  9939 | D:7      | Found an ornate altar of the Wu Jian Council.
 10110 | D:7      | Found a staircase to the Ecumenical Temple.
 10170 | D:7      | Found Mob Toru's Assorted Antiques.
 10188 | D:7      | Bought a scroll of identify for 52 gold pieces
 10188 | D:7      | Bought a scroll of identify for 52 gold pieces
 10188 | D:7      | Bought a wavering bronze ring for 130 gold pieces
 10188 | D:7      | Bought a scroll of identify for 52 gold pieces
 10188 | D:7      | Bought a scroll of identify for 52 gold pieces
 10191 | D:7      | Identified the ring "Cate" {Wiz rN+ Dex+3} (You bought it
                  | in a shop on level 7 of the Dungeon)
 10231 | D:7      | Reached skill level 5 in Dodging
 10235 | D:7      | Reached skill level 5 in Fighting
 10235 | D:7      | Reached XP level 9. HP: 74/74 MP: 11/11
 10536 | D:7      | Found Rankeyfi's Magic Scroll Shoppe.
 10701 | D:7      | Found an opulent altar of Gozag.
 10780 | D:7      | Found a glowing golden altar of the Shining One.
 10878 | D:8      | Noticed Maggie
 10943 | D:7      | Killed Maggie
 11268 | D:8      | Identified the +9 halberd "Wasoent" {holy, rElec rC+ Dex+5}
 11739 | D:2      | Killed Sigmund
 12127 | D:8      | Found a bloodstained altar of Trog.
 12756 | D:9      | Found a staircase to the Lair.
 13282 | D:9      | Found a broken altar of Ashenzari.
 13499 | D:9      | Found an ancient bone altar of Kikubaaqudgha.
 13499 | D:9      | Found an ornate altar of the Wu Jian Council.
 13546 | D:9      | Reached XP level 10. HP: 78/86 MP: 13/13
 13840 | D:9      | Found a sparkling altar of Nemelex Xobeh.
 13956 | D:9      | Noticed Harold
 13999 | D:9      | Killed Harold
 14178 | D:9      | Found a sacrificial altar of Ru.
 14327 | D:9      | Killed an unseen horror
 14700 | D:9      | Found a shimmering altar of Xom.
 14700 | D:9      | Found a burning altar of Makhleb.
 14712 | D:9      | Paralysed by a crimson imp for 2 turns
 14799 | D:9      | Found Nid Veem's Distillery.
 14857 | D:10     | Entered Level 10 of the Dungeon
 14892 | D:9      | Upgraded the game from 0.27-a0-103-g6cd7b45605 to
                  | 0.27-a0-109-g416527ed24
 15034 | D:10     | Found Eggiy's Assorted Antiques.
 16124 | D:10     | Noticed a two-headed ogre
 16139 | D:10     | Killed a two-headed ogre
 16511 | D:7      | Bought a shiny helmet for 195 gold pieces
 16511 | D:7      | Bought a scroll labelled JEDYDEOM FABBASIE for 26 gold
                  | pieces
 16612 | Lair:1   | Entered Level 1 of the Lair of Beasts
 16642 | Lair:1   | Found a shimmering altar of Xom.
 16727 | Lair:1   | Reached skill level 4 in Maces & Flails
 16727 | Lair:1   | Reached XP level 11. HP: 82/97 MP: 14/14
 16864 | Lair:1   | Reached skill level 5 in Maces & Flails
 17143 | Lair:1   | Noticed a seven-headed hydra
 17225 | Lair:1   | Reached skill level 6 in Maces & Flails
 17463 | Lair:1   | Killed a seven-headed hydra
 17656 | Lair:1   | Noticed an eight-headed hydra
 17683 | Lair:1   | Killed an eight-headed hydra
 17684 | Lair:1   | Reached skill level 7 in Maces & Flails
 18506 | Lair:1   | Reached skill level 8 in Maces & Flails
 18826 | Lair:1   | Reached skill level 9 in Maces & Flails
 19908 | Lair:2   | Found a hole to the Spider Nest.
 19945 | Lair:2   | Noticed a six-headed hydra
 20022 | Lair:2   | Killed a six-headed hydra
 20023 | Lair:2   | Reached skill level 10 in Maces & Flails
 20441 | Lair:1   | Reached XP level 12. HP: 94/105 MP: 15/15
 20950 | Lair:2   | Noticed a seven-headed hydra
 20953 | Lair:2   | Reached skill level 11 in Maces & Flails
 20957 | Lair:2   | Killed a seven-headed hydra
 21825 | Lair:2   | Noticed a catoblepas
 21838 | Lair:2   | Noticed a six-headed hydra
 21844 | Lair:2   | Killed a six-headed hydra
 21845 | Lair:2   | Reached skill level 12 in Maces & Flails
 21962 | Lair:2   | Found a runed translucent door.
 22339 | Lair:2   | Reached skill level 5 in Armour
 25643 | Lair:3   | Reached XP level 13. HP: 77/111 MP: 16/16
 25777 | Lair:4   | Reached skill level 1 in Spellcasting
 26840 | Lair:4   | HP: 3/111 [six-headed hydra (5)]
 27732 | Lair:4   | Reached skill level 5 in Spellcasting
 29231 | Lair:4   | Found a staircase to the Shoals.
 31346 | Lair:5   | Learned a level 3 spell: Vampiric Draining
 31392 | Lair:5   | Reached skill level 1 in Necromancy
 31422 | Lair:5   | Learned a level 4 spell: Animate Dead
 31429 | Lair:5   | Learned a level 5 spell: Agony
 32331 | Lair:4   | Reached XP level 14. HP: 111/118 MP: 31/31
 32333 | Lair:4   | Learned a level 1 spell: Apportation
 32835 | Lair:6   | Entered Level 6 of the Lair of Beasts
 33022 | Lair:6   | Reached skill level 5 in Necromancy
 33162 | Lair:6   | Found a staircase to the Slime Pits.
 33544 | Lair:6   | Found the +4 robe of Augmentation {Str+4 Int+4 Dex+4}
 33562 | Lair:6   | Slain by a six-headed hydra

Illustrated notes

Levels and vault maps discovered:
D:1:      dpeg_arrival_boxes_within_box, layout_basic, serial_bayou_pond_c,
          hangedman_decor_points
D:2:      layout_basic, serial_corexii_hall, corexii_hall_statues_x,
          corexii_hall_statues_s, corexii_hall_statues_i,
          kennysheep_decorative_pillar, grunt_ministairs_10, uniq_sigmund
D:3:      layout_basic, nzn_hepliaklqana_mist_gate, old_standard_altar,
          chequers_ecumenical_altar_twisty
D:4:      layout_loops_ring, vehumet_altar_wand_db, uniq_menkaure
D:5:      layout_loops_ring, lemuel_crystal_altar, corexii_leaking_fountain,
          okawaru_metal_pillars_1_2
D:6:      layout_loops_ring, nicolae_ossuary_entry_giza, minivault_23,
          moated_statue, uniq_edmund, uniq_duvessa, uniq_prince_ribbit1
D:7:      layout_loops_ring, kennysheep_mini_moat,
          nicolae_tso_swordbearing_angel, temple_pool_b, serial_shops, shop,
          shop, basic_altar
D:8:      layout_rooms, trog_ov_bears_minmay, uniq_maggie
D:9:      layout_loops_ring, grunt_temple_overflow_champion_of_chaos,
          hangedman_ru_absence, cheibrodos_ashenzari_chains,
          grunt_temple_overflow_open, nemelex_xobeh_ov_fountains_minmay,
          erik_lair_orcish_takeover, serial_shops, kennysheep_little_box,
          grunt_livestock, nicolae_wwwww, uniq_harold
D:10:     layout_basic, serial_shops, shop
Lair:1:   layout_chaotic_city, amcnicky_altar_gilded
Lair:2:   gammafunk_lair_enchanted_lake, layout_regular_city,
          nicolae_spider_entry_orb_guardian
Lair:3:   layout_small_grid, st_stairs_10, minivault_23
Lair:4:   regret_index_wax_grids, layout_regular_city,
          minmay_shoals_entry_beasts
Lair:5:   layout_cave_pods, nicolae_volcano_entry_two_sided, grunt_megastairs_2,
          lemuel_fruit_fields, infiniplex_staircase_pool, serial_bayou_shore_a
Lair:6:   evil_forest, layout_loops_ring, minmay_slime_entry_eyes,
          lemuel_fruit_tree

Skill      XL: |  1  2  3  4  5  6  7  8  9 10 11 12 13 14 |
---------------+-------------------------------------------+-----
Evocations     | 3 4 5 |  5.6
Maces & Flails | 2 3 4 10 12 | 12.0
Shields        | 2 4 |  4.0
Short Blades   | 1 4 |  4.0
Fighting       | 1 5 7 9 |  9.6
Dodging        | 1 5 7 9 |  9.6
Armour         | 8 |  8.0
Spellcasting   | 8 |  8.7
Necromancy     | 4 6 |  6.7
Stealth        | |  0.8

Action                   |  1- 3 |  4- 6 |  7- 9 | 10-12 | 13-15 || total
-------------------------+-------+-------+-------+-------+-------++-------
Melee: Club              |    77 |       |       |       |       ||    77
       Short sword       |   176 |    65 |       |       |       ||   241
       Mace              |       |    79 |   185 |   152 |       ||   416
       Dagger            |       |    41 |   382 |   302 |       ||   725
       Morningstar       |       |       |       |   696 |   763 ||  1459
       Flail             |       |       |       |    46 |       ||    46
Throw: Dart              |       |    21 |     4 |     4 |     1 ||    30
 Cast: Vampiric Draining |       |       |       |       |    24 ||    24
       Agony             |       |       |       |       |     4 ||     4
Evoke: Wand              |     1 |     5 |    12 |    19 |    12 ||    49
       Box of beasts     |       |       |       |       |     1 ||     1
       Condenser vane    |       |       |       |       |     1 ||     1
  Use: Scroll            |       |     3 |     7 |    20 |     6 ||    36
       Potion            |       |     1 |     7 |     3 |     3 ||    14
 Stab: Paralysed         |       |       |       |     3 |       ||     3
       Sleeping          |       |       |       |     1 |     1 ||     2
Armor: Leather armour    |    52 |       |       |       |       ||    52
       Ring mail         |    24 |    57 |    59 |       |       ||   140
       Robe              |       |     1 |       |       |       ||     1
       Acid dragon scale |       |       |    66 |   231 |   279 ||   576
Dodge: Dodged            |   172 |   118 |   217 |   626 |   645 ||  1778
Block: Buckler           |       |    19 |   249 |   488 |   265 ||  1021
       Reflection        |       |       |    13 |     1 |       ||    14

Table legend: (Time is in decaauts)
 A = Elapsed time spent in this place.
 B = Non-inter-level travel time spent in this place.
 C = Inter-level travel time spent in this place.
 D = Time resting spent in this place.
 E = Time spent auto-exploring this place.
 F = Levels seen in this place.
 G = Mean time per level.
                   A        B        C        D        E       F      G
               +--------+--------+--------+--------+--------+-----+--------+
         Total |  33601 |  32041 |   1560 |  11399 |  13495 |  16 | 2100.1 |
       Dungeon |  17282 |  16116 |   1166 |   4036 |   8894 |  10 | 1728.2 |
          Lair |  16319 |  15925 |    394 |   7363 |   4601 |   6 | 2719.8 |
               +--------+--------+--------+--------+--------+-----+--------+

Top non-repeatable levels by time:
  Lair:4: 3902 daAuts
  Lair:1: 3589 daAuts
  Lair:3: 3512 daAuts
  Lair:2: 3094 daAuts
     D:9: 2842 daAuts
     D:1: 2832 daAuts
     D:6: 2151 daAuts
     D:3: 1886 daAuts
     D:7: 1726 daAuts
     D:5: 1542 daAuts
  Lair:5: 1502 daAuts
     D:2: 1209 daAuts
     D:8: 1076 daAuts
    D:10: 1074 daAuts
     D:4: 940 daAuts
